 Dungeon Crawl Stone Soup version 0.30.1-3-gfc49f6343a (webtiles) character file.

Game seed: 17259603903248971813

40 booth the Ducker (level 3, -3/28 HPs)
             Began as a Demonspawn Gladiator on Aug 2, 2023.
             Killed from afar by Sigmund (8 damage)
             ... with a puff of flame
             ... on level 2 of the Dungeon.
             The game lasted 00:05:22 (1239 turns).

booth the Ducker (Demonspawn Gladiator)             Turns: 1239, Time: 00:05:23

Health: -3/28      AC:  5    Str: 14    XL:     3   Next: 30%
Magic:  4/4        EV: 12    Int: 11    God:
Gold:   128        SH:  0    Dex: 14    Spells: 3/3 levels left

rFire   . . .        a - +0 war axe
rCold   . . .        (no shield)
rNeg    . . .        b - +0 leather armour
rPois   .            c - +0 helmet
rElec   .            (no cloak)
rCorr   +            k - +0 pair of gloves
SInv    .            (no boots)
Will    .....        (no amulet)
Stlth   +            h - ring of resist corrosion
HPRegen 0.24/turn    (no ring)
MPRegen 0.09/turn

%: no passive effects
@: no status effects
A: condensation shield, demonic magic 1
a: no special abilities


You were on level 2 of the Dungeon.
You visited 1 branch of the dungeon, and saw 2 of its levels.

You collected 128 gold pieces.

Inventory:

Hand Weapons
 a - a +0 war axe (weapon)
 j - a +0 great mace
Missiles
 d - a throwing net (quivered)
 e - a javelin
Armour
 b - a +0 leather armour (worn)
 c - a +0 helmet (worn)
 k - a +0 pair of gloves (worn)
Jewellery
 h - a ring of resist corrosion (left hand)
Scrolls
 f - a scroll of fog
 g - a scroll of amnesia {unknown}
 n - a scroll of noise {unknown}
Potions
 i - a potion of heal wounds {unknown}
 l - a potion of resistance {unknown}
 m - a potion of curing
 p - a potion of flight


   Skills:
 + Level 2.4 Fighting
 + Level 3.0 Axes
 + Level 2.2 Throwing
 + Level 3.0 Dodging
 + Level 0.8 Spellcasting


You had 3 spell levels left.
You didn't know any spells.
Your spell library contained the following spells:

 Spells                   Type           Power      Damage    Failure   Level
 Magic Dart               Conj           0%         1d3       38%         1
 Call Imp                 Summ           0%         N/A       54%         2
 Mephitic Cloud           Conj/Pois/Air  0%         N/A       77%         3


Dungeon Overview and Level Annotations

Branches:
Dungeon (2/15)

Altars:

Annotations:
D:2 Sigmund


Innate Abilities, Weirdness & Mutations

A meltable shield of frost defends you. (SH +0)
Spells you cast may paralyse adjacent enemies.


Message History

A kobold comes into view. It is wielding a +0 club.
Found 14 gold pieces.
The kobold shouts!
A kobold comes into view. It is wielding a +0 whip.
The kobold shouts!
You hit the kobold.
You kill the kobold!
You closely miss the kobold. The kobold barely misses you.
You slash the kobold!
You kill the kobold!
Items here: )) ††.
You now have 128 gold pieces (gained 14).
Sigmund the Dreaded comes into view.
He is wielding a +0 scythe and carrying a wand of flame (14).
Sigmund zaps a wand.
The puff of flame hits you.
Your condensation shield dissipates!
Sigmund gestures at you while chanting. The puff of flame hits you!
Sigmund hits you from afar with a +0 scythe.
You barely miss Sigmund. Sigmund hits you but does no damage.
You barely miss Sigmund. Sigmund hits you with a +0 scythe.
You hit Sigmund but do no damage.
Sigmund zaps a wand.
The puff of flame misses you. Sigmund casts a spell at you.
The puff of flame hits you!
* * * LOW HITPOINT WARNING * * *
You feel better. Sigmund gestures at you while chanting.
The magic dart hits you!
* * * LOW HITPOINT WARNING * * *
Throw: 3 throwing nets
Press: ? - help, Q - select action, (/) - cycle Shift-Dir - straight line, f - Sigmund
Aim: Sigmund, wielding a +0 scythe, wearing a +0 robe and carrying a wand of flame (12) (57% to hit)
You throw a throwing net. The throwing net barely misses Sigmund.
Throw: 2 throwing nets
Press: ? - help, Q - select action, (/) - cycle Shift-Dir - straight line, f/p - Sigmund
Aim: Sigmund, wielding a +0 scythe, wearing a +0 robe and carrying a wand of flame (12) (57% to hit)
You throw a throwing net.
The throwing net closely misses Sigmund.
Sigmund zaps a wand.
The puff of flame hits you!
You die...

#≈≈...~≈#
#≈~...~≈#
#≈~...~≈#
#~~...~≈#
#~.....~#
#.......#
##.....##
...######.###
### #(....@@..#
#<####.########
#)#.. #.#.#
#.#.# #...#
#..## #..# #..#


You could see Sigmund.

Vanquished Creatures
  An adder (D:2)
  2 dart slugs
  2 endoplasms
  2 giant cockroaches (D:1)
  4 hobgoblins (D:1)
  3 quokkas (D:1)
  4 bats
  A goblin (D:2)
  6 kobolds
  2 rats (D:1)
27 creatures vanquished.

Notes
Turn   | Place    | Note
-------+----------+-------------------------------------------
     0 | D:1      | booth the Demonspawn Gladiator began the quest for the Orb.
     0 | D:1      | Reached XP level 1. HP: 16/16 MP: 1/1
   236 | D:1      | Gained mutation: Spells you cast may paralyse adjacent
                  | enemies. [demonic ancestry]
   236 | D:1      | Reached XP level 2. HP: 13/22 MP: 2/2
  1046 | D:2      | Found a faded altar of an unknown god.
  1155 | D:2      | Gained mutation: A meltable shield of frost defends you.
                  | (SH +0) [demonic ancestry]
  1155 | D:2      | Reached XP level 3. HP: 28/28 MP: 2/4
  1230 | D:2      | Noticed Sigmund
  1239 | D:2      | Killed from afar by Sigmund

Illustrated notes

Levels and vault maps discovered:
D:1:      dpeg_arrival_rooms_c, layout_loops_ring, minmay_pentomino_o2
D:2:      minmay_kobold_bridge, layout_basic, hellmonk_ecumenical_altar_zigzags,
          serial_shops, shop, patterned_corridor, uniq_sigmund

Skill      XL: |  1  2 |
---------------+-------+-----
Throwing       | 2 |  2.2
Dodging        | 3 |  3.0
Axes           | 3 |  3.0
Fighting       | |  2.4
Spellcasting   | |  0.8

Action                     || total
---------------------------++-------
  Melee: War axe           ||    81
  Throw: Throwing net      ||     2
    Use: Scroll            ||     3
         Potion            ||     2
 Armour: Leather armour    ||    21
  Dodge: Dodged            ||    54
  Block: Other             ||     1
